 Dungeon Crawl Stone Soup version 0.30-a0-782-ge64f9170bb (webtiles) character file.

Game seed: 5301674243274433787

2739 Crownlay the Geomancer (level 9, 0/58 HPs)
             Began as an Octopode Earth Elementalist on Mar 5, 2023.
             Was an Initiate of Gozag.
             Slain by a yak (15 damage)
             ... on level 7 of the Dungeon.
             The game lasted 00:21:15 (7924 turns).

Crownlay the Geomancer (OpEE)                       Turns: 7924, Time: 00:21:16

Health: 0/58       AC:  5    Str:  5    XL:     9   Next: 67%
Magic:  16/24      EV: 13    Int: 21    God:    Gozag
Gold:   826        SH:  0    Dex: 15    Spells: 7/16 levels left

rFire   + + +      SeeInvis +    u - +7 dagger of Fiurier {freeze, rElec rF++ Str-3 Dex+3}
rCold   + . .      Faith    .    (no shield)
rNeg    . . .      Spirit   .    (helmet restricted)
rPois   .          Reflect  .    (no amulet)
rElec   +          Harm     .    l - ring of see invisible
rCorr   .          Rampage  .    n - ring of protection from cold
Will    +....                    y - ring "Caoquxt" {rF+ Will+}
Stlth   +++                      C - ring of magical power
HPRegen 0.29/turn                H - +4 ring of protection
MPRegen 0.19/turn                (no ring)
                                 (no ring)
                                 (no ring)

@: gold aura
A: almost no armour, amphibious, 8 rings, camouflage 1, gelatinous body 1,
(nimble swimmer 1), tentacles
a: Renounce Religion, Potion Petition, Call Merchant, Bribe Branch


You were on level 7 of the Dungeon.
You worshipped Gozag.
Gozag was pleased with you.
You visited 2 branches of the dungeon, and saw 8 of its levels.
You also visited: Sewer and Ossuary.

You collected 1095 gold pieces.
You spent 180 gold pieces at shops.
You paid 89 gold pieces to Gozag.

Inventory:

Hand Weapons
 u - the +7 dagger of Fiurier (weapon) {freeze, rElec rF++ Str-3 Dex+3}
   (You found it on level 4 of the Dungeon)

   Str:       It affects your strength (-3).
   Dex:       It affects your dexterity (+3).
   rF:        It greatly protects you from fire.
   rElec:     It insulates you from electricity.
 G - the +7 staff of the Meek {protect, meekguard}
   (You found it on level 6 of the Dungeon)
Jewellery
 l - a ring of see invisible (left tentacle)
 n - a ring of protection from cold (right tentacle)
 o - a ring of ice
 y - the ring "Caoquxt" (on tentacle) {rF+ Will+}
   (You found it on level 4 of the Dungeon)

   [ring of protection from fire]

   rF:        It protects you from fire.
   Will:      It increases your willpower.
 C - a ring of magical power (on tentacle)
 F - a ring of poison resistance
 H - a +4 ring of protection (on tentacle)
Wands
 s - a wand of roots (7)
Scrolls
 d - a scroll of identify
 e - 5 scrolls of noise
 j - a scroll of enchant armour {unknown}
 k - 2 scrolls of magic mapping
 m - 3 scrolls of teleportation
 t - a scroll of immolation {unknown}
 A - a scroll of vulnerability {unknown}
 B - 6 scrolls of silence
 E - a scroll of blinking {unknown}
 I - a scroll of butterflies {unknown}
Potions
 a - a potion of magic
 b - 3 potions of might
 c - 3 potions of flight
 f - 2 potions of lignification {unknown}
 g - 4 potions of resistance
 h - 3 potions of haste {unknown}
 i - 6 potions of degeneration {unknown}
 p - 2 potions of attraction {unknown}
 q - 3 potions of curing {unknown}
 r - 8 potions of heal wounds
 v - 4 potions of mutation {unknown}
 w - 2 potions of brilliance {unknown}
 x - a potion of cancellation {unknown}
 z - a potion of invisibility {unknown}
 D - 2 potions of ambrosia {unknown}
 J - a potion of berserk rage {unknown}


   Skills:
 + Level 3.7 Fighting
 - Level 2.0 Dodging
 - Level 2.6 Stealth
 - Level 4.0 Spellcasting
 + Level 3.7 Conjurations
 - Level 1.0 Transmutations
 * Level 11.4 Earth Magic


You had 7 spell levels left.
You knew the following spells:

 Your Spells              Type           Power      Damage    Failure   Level
a - Sandblast             Erth           100%       2d20      1%          1
b - Stone Arrow           Conj/Erth      72%        3d11      1%          3
c - Lee's Rapid Deconstr  Erth           25%        3d14*     3%          5

Your spell library contained the following spells:

 Spells                   Type           Power      Damage    Failure   Level
 Passwall                 Tmut/Erth      25%        N/A       1%          2
 Petrify                  Tmut/Erth      30%        N/A       10%         4
 Slow                     Hex            16%        N/A       12%         1
 Ignite Poison            Fire/Tmut/Pois 5%         N/A       30%         3
 Confusing Touch          Hex            4%         N/A       34%         3
 Frozen Ramparts          Ice            8%         1d2       34%         3
 Kindle Blastsparks       Fire/Tloc/Air  8%         2d10      34%         3
 Ozocubu's Armour         Ice            4%         N/A       34%         3
 Vampiric Draining        Necr           4%         2d6       34%         3
 Fulminant Prism          Conj/Hex       6%         3d6       50%         4
 Iskenderun's Mystic Bla  Conj/Tloc      12%        2d5       50%         4
 Ice Form                 Ice/Tmut       6%         N/A       67%         4
 Summon Ice Beast         Ice/Summ       4%         N/A       75%         4
 Freezing Cloud           Conj/Ice/Air   4%         6-21      90%         5
 Ozocubu's Refrigeration  Ice            2%         4d7       100%        7


Dungeon Overview and Level Annotations

Branches:
Dungeon (7/15)             Temple (1/1) D:4           Sewer (visited)
Ossuary (visited)

Altars:
Ashenzari
Cheibriados
Dithmenos
Elyvilon
Fedhas
Gozag
Kikubaaqudgha
Makhleb
Nemelex Xobeh
Okawaru
Qazlal
Ru
Sif Muna
Trog
Uskayaw
Vehumet
Wu Jian
Yredelemnul
The Shining One

Shops:
D:5 !=:


Innate Abilities, Weirdness & Mutations

You cannot wear most types of armour.
You are amphibious.
You can wear up to eight rings at the same time.
Your skin changes colour to match your surroundings (Stealth+).
Your rubbery body absorbs attacks. (AC +1, EV +1)
((You are camouflaged when in or above water. (Stealth+)))
You have tentacles for arms and can constrict up to eight enemies at once.


Message History

The yak completely misses you. The yak gores you! The yak gores you.
The blast of sand hits the yak!
You kill the yak!
The yak closely misses you.
The blast of sand hits the yak.
The yak is lightly wounded.
The yak gores you. x2
You are too injured to fight recklessly!
You are too injured to fight recklessly!
You are too injured to fight recklessly!
You are too injured to fight recklessly!
Casting: Sandblast (safe; 1% risk of failure)
Confirm with . or Enter, or press ? or * to list all spells.
Aiming: Sandblast (safe; 1% risk of failure)
Press: ? - help, Shift-Dir - straight line, f/p - yak
Aim: a yak (lightly wounded, 91% to hit)
The blast of sand hits the yak!!
The yak is heavily wounded.
The yak is distracted by your dazzling golden aura.
Casting: Sandblast (safe; 1% risk of failure)
Confirm with . or Enter, or press ? or * to list all spells.
Aiming: Sandblast (safe; 1% risk of failure)
Press: ? - help, Shift-Dir - straight line, f/p - yak
Aim: a yak (heavily wounded, unaware, hasn't noticed you, 91% to hit)
The blast of sand hits the yak!
The yak is severely wounded.
The yak is no longer distracted by gold.
The yak bellows!
The yak gores you. The yak gores you!
* * * LOW HITPOINT WARNING * * *
Casting: Sandblast (safe; 1% risk of failure)
Confirm with . or Enter, or press ? or * to list all spells.
Aiming: Sandblast (safe; 1% risk of failure)
Press: ? - help, Shift-Dir - straight line, f/p - yak
Aim: a yak (severely wounded, 91% to hit)
The blast of sand hits the yak!
The yak is almost dead.
The yak gores you!
You die...
Your body crumbles into a pile of gold.

#....####### #...^......#
+.#.######.##
+...#....#..####..
$###.#..###.......#
#.#......# ###.#..###.# .#
#++ #.$Y#....#.###...#
#..####.#@######.......#
#.......#........####..#
####.####.......#.<....#
#########.#.....#........#..#
..........#.....#..#........#
########..#####.#..........##
#..#####.#.#..........
#........#.#.##########
#.######.#..<.......


You could see a yak.

Vanquished Creatures
  Sigmund (D:6)
  3 yaks
  An orc warrior (D:6)
  A black bear (D:4)
  An ice beast (D:6)
  An ogre (D:3)
  A centaur (D:6)
  3 phantoms
  4 necrophages
  4 scorpions
  A howler monkey (D:6)
  4 hounds
  3 jellies
  2 orc priests (D:6)
  6 iguanas
  4 orc wizards
  8 mummies (Ossuary)
  Robin (D:2)
  4 gnolls (D:5)
  A river rat (Sewer)
  10 adders
  A white imp (D:6)
  An ufetubus (D:5)
  4 worms
  2 dart slugs
  28 orcs
  8 ball pythons
  13 endoplasms
  12 giant cockroaches
  A gnoll zombie (Ossuary)
  16 goblins
  4 hobgoblins
  6 jackals
  9 quokkas
  4 bats
  8 frilled lizards
  A goblin zombie (D:7)
  A hobgoblin zombie (Ossuary)
  6 kobolds
  4 kobold zombies (Ossuary)
  2 orc zombies (Ossuary)
  A quokka zombie (D:7)
  11 rats
207 creatures vanquished.

Notes
Turn   | Place    | Note
-------+----------+-------------------------------------------
     0 | D:1      | Crownlay the Octopode Earth Elementalist began the quest
                  | for the Orb.
     0 | D:1      | Reached XP level 1. HP: 11/11 MP: 3/3
   173 | D:1      | Reached XP level 2. HP: 9/17 MP: 1/5
   625 | D:1      | Found a faded altar of an unknown god.
   795 | D:2      | Found an iron altar of Okawaru.
   838 | D:2      | Reached XP level 3. HP: 21/21 MP: 4/6
   908 | D:2      | Reached skill level 4 in Earth Magic
  1179 | D:2      | Noticed Robin
  1193 | D:2      | HP: 1/21 [goblin/sling bullet[Robin] (2)]
  1285 | D:2      | Reached XP level 4. HP: 12/27 MP: 4/8
  1360 | D:2      | Killed Robin
  1957 | D:2      | Learned a level 3 spell: Stone Arrow
  2134 | D:3      | Reached XP level 5. HP: 31/31 MP: 7/9
  2350 | D:3      | Learned a level 5 spell: Lee's Rapid Deconstruction
  2598 | D:3      | Reached skill level 5 in Earth Magic
  2641 | D:3      | Noticed an ogre
  2694 | D:3      | Killed an ogre
  2697 | D:3      | Reached XP level 6. HP: 32/36 MP: 4/11
  2963 | D:4      | Found a staircase to the Ecumenical Temple.
  3079 | D:4      | Identified the +7 dagger of Fiurier {freeze, rElec rF++
                  | Str-3 Dex+3}
  3103 | D:4      | Found a glowing drain.
  3170 | Sewer    | Entered a sewer
  3431 | Sewer    | Found a viscous altar of Jiyva.
  3440 | Sewer    | Reached skill level 6 in Earth Magic
  3619 | D:4      | Identified the ring "Caoquxt" {rF+ Will+}
  3623 | D:4      | Noticed a black bear
  3629 | D:4      | Killed a black bear
  3630 | D:4      | Reached XP level 7. HP: 20/41 MP: 6/13
  3883 | D:4      | Found a shadowy altar of Dithmenos.
  3894 | D:4      | Reached skill level 7 in Earth Magic
  4233 | D:4      | Found a burning altar of Makhleb.
  4569 | Temple   | Entered the Ecumenical Temple
  4711 | Temple   | Became a worshipper of Gozag Ym Sagoz the Greedy
  4785 | D:5      | Entered Level 5 of the Dungeon
  4808 | D:5      | Noticed a yak
  4848 | D:5      | Reached skill level 8 in Earth Magic
  5134 | D:5      | Found Zubluti's Jewellery Emporium.
  5135 | D:5      | Found Xias's Book Shoppe.
  5136 | D:5      | Found Ixkepas's Distillery.
  5189 | D:5      | Reached XP level 8. HP: 46/46 MP: 5/14
  5279 | D:5      | Bought a potion of flight for 45 gold pieces
  5279 | D:5      | Bought a potion of heal wounds for 75 gold pieces
  5279 | D:5      | Bought a potion of might for 60 gold pieces
  5777 | D:5      | Killed a yak
  5778 | D:5      | Reached skill level 9 in Earth Magic
  6062 | D:5      | Reached skill level 10 in Earth Magic
  6167 | D:6      | Reached skill level 1 in Fighting
  6167 | D:6      | Reached skill level 1 in Conjurations
  6622 | D:6      | Reached XP level 9. HP: 54/54 MP: 15/15
  6898 | D:6      | Found the +7 staff of the Meek {protect, meekguard}
  7428 | D:6      | Noticed Sigmund
  7433 | D:6      | Killed Sigmund
  7434 | D:6      | Reached skill level 11 in Earth Magic
  7518 | D:7      | Found a sand-covered staircase.
  7534 | Ossuary  | Entered an ossuary
  7924 | D:7      | Slain by a yak

Illustrated notes

Levels and vault maps discovered:
D:1:      dpeg_arrival_water_fire, layout_basic,
          shapermc_ecumenical_altar_notcrosses
D:2:      layout_loops_ring, basic_altar, uniq_robin
D:3:      layout_loops_ring, grunt_ministairs_13, minmay_misc_feat_square,
          kennysheep_generic_room_5
D:4:      layout_basic, nicolae_dithmenos_shadow_blocks, lemuel_crystal_altar,
          minmay_temple_entry_statues_fountains, gup_sewer_entry_pipe
D:5:      minmay_bubble_buster, layout_rooms, nicolae_wooded_promenade,
          minmay_misc_feat_secret_circle, grunt_ministairs_9
D:6:      layout_cave_pods, pf_guarded_unrand_meek, uniq_sigmund
D:7:      layout_basic, enter_ossuary_4, kennysheep_generic_room_6
Temple:   nicolae_temple_slightly_damp_pantheon

Skill      XL: |  1  2  3  4  5  6  7  8  9 |
---------------+----------------------------+-----
Earth Magic    | 4 5 6 8 10 11 | 11.4
Spellcasting   | 3 4 |  4.0
Fighting       | 1 3 |  3.7
Conjurations   | 1 3 |  3.7
Dodging        | |  2.0
Stealth        | |  2.6
Transmutations | |  1.0

Action                     |  1- 3 |  4- 6 |  7- 9 || total
---------------------------+-------+-------+-------++-------
  Melee: Unarmed           |     4 |       |       ||     4
         Constrict         |     1 |       |     1 ||     2
         Dagger            |       |       |     1 ||     1
         Tentacles         |       |       |     1 ||     1
   Cast: Sandblast         |    51 |   101 |   165 ||   317
         Stone Arrow       |       |       |     1 ||     1
         Lee's Rapid Decon |       |       |     1 ||     1
    Use: Scroll            |       |       |     5 ||     5
 Armour: Skin              |     4 |     2 |     6 ||    12
  Dodge: Dodged            |    11 |    17 |    51 ||    79

Table legend: (Time is in decaauts)
 A = Elapsed time spent in this place.
 B = Non-inter-level travel time spent in this place.
 C = Inter-level travel time spent in this place.
 D = Time resting spent in this place.
 E = Time spent auto-exploring this place.
 F = Levels seen in this place.
 G = Mean time per level.
                   A        B        C        D        E       F      G
               +--------+--------+--------+--------+--------+-----+--------+
         Total |   8078 |   7676 |    402 |    161 |   6167 |  10 |  807.8 |
       Dungeon |   7154 |   6771 |    383 |    161 |   5489 |   7 | 1022.0 |
        Temple |    161 |    143 |     18 |      0 |    111 |   1 |  161.0 |
         Sewer |    449 |    449 |      0 |      0 |    338 |   1 |  449.0 |
       Ossuary |    312 |    312 |      0 |      0 |    229 |   1 |  312.0 |
               +--------+--------+--------+--------+--------+-----+--------+

Top non-repeatable levels by time:
     D:6: 1373 daAuts
     D:5: 1342 daAuts
     D:4: 1330 daAuts
     D:3: 1141 daAuts
     D:2: 1046 daAuts
     D:1: 806 daAuts
   Sewer: 449 daAuts
 Ossuary: 312 daAuts
  Temple: 161 daAuts
     D:7: 115 daAuts
